 Dungeon Crawl Stone Soup version 0.30.0-10-gfe55d96785 (webtiles) character file.

Game seed: 12343172017528030987

149 Farfigtubin the Trooper (level 5, -8/40 (43) HPs)
             Began as a Formicid Fighter on May 14, 2023.
             Mangled by a wight
             ... wielding a +1 long sword
              (11 damage)
             ... in a sewer.
             The game lasted 00:12:01 (2149 turns).

Farfigtubin the Trooper (Formicid Fighter)          Turns: 2149, Time: 00:12:02

HP:   -8/40 (43)    AC:  6    Str: 22    XL:     5   Next: 56%
MP:   5/5           EV:  9    Int:  8    God:
Gold: 85            SH:  5    Dex: 13    Spells: 4/4 levels left

rFire   . . .        a - +0 war axe
rCold   . . .        c - +0 buckler
rNeg    . . .        b - +0 scale mail
rPois   .            (helmet unavailable)
rElec   .            (no cloak)
rCorr   .            (no gloves)
SInv    +            (no boots)
Will    .....        o - amulet of regeneration Stlth
                     (no ring)
HPRegen 1.06/turn    (no ring)
MPRegen 0.09/turn

%: no passive effects
@: mighty, drained
A: permanent stasis, dig shafts and tunnels, antennae 3, four strong arms
a: Dig


You were in a sewer.
You visited 1 branch of the dungeon, and saw 3 of its levels.
You also visited: Sewer.

You collected 85 gold pieces.

Inventory:

Hand Weapons
 a - a +0 war axe (weapon)
Missiles
 f - 21 stones (quivered)
Armour
 b - a +0 scale mail (worn)
 c - a +0 buckler (worn)
Jewellery
 o - an amulet of regeneration (around neck)
Wands
 k - a wand of flame (27)
Scrolls
 e - a scroll of teleportation {unknown}
 i - a scroll of magic mapping {unknown}
 j - a scroll of immolation {unknown}
 l - 2 scrolls of fog {unknown}
 n - a scroll of fear {unknown}
 p - a scroll of blinking {unknown}
Potions
 d - 2 potions of might
 g - 2 potions of heal wounds {unknown}
 h - a potion of ambrosia {unknown}
 m - 2 potions of degeneration {unknown}
 q - a potion of haste {unknown}


   Skills:
 + Level 4.5 Fighting
 * Level 4.5 Axes
 - Level 3.2 Armour
 - Level 4.0 Shields


You had 4 spell levels left.
You didn't know any spells.
Your spell library contained the following spells:

 Spells                   Type           Power      Damage    Failure   Level
 Sting                    Tmut/Pois      0%         1d3       80%         1
 Ensorcelled Hibernation  Hex/Ice        0%         N/A       91%         2
 Poisonous Vapours        Pois/Air       0%         N/A       91%         2
 Spider Form              Tmut/Pois      0%         N/A       99%         3
 Anguish                  Hex/Necr       0%         N/A       100%        4
 Olgreb's Toxic Radiance  Pois           0%         N/A       100%        4


Dungeon Overview and Level Annotations

Branches:
Dungeon (3/15)              Sewer (1/1)

Altars:
Vehumet

Shops:
D:2 [=((*


Innate Abilities, Weirdness & Mutations

You cannot be hasted, slowed, berserked, paralysed or teleported.
You can dig through walls and to a lower floor.
You have a pair of large antennae on your head. (SInv)
Your four strong arms can wield two-handed weapons with a shield.


Message History

The ufetubus attacks as you move away! The ufetubus barely misses you.
The ufetubus hits you but does no damage.
The ufetubus closely misses you. The ufetubus barely misses you.
You see here a ball python corpse.
You hit the ufetubus.
The ufetubus is heavily wounded.
The ufetubus barely misses you. The ufetubus hits you.
You block the ufetubus's attack. The ufetubus closely misses you.
You hit the ufetubus.
The ufetubus is heavily wounded.
The ufetubus barely misses you. The ufetubus closely misses you.
You block the ufetubus's attack. The ufetubus barely misses you.
You slash the ufetubus!
You kill the ufetubus!
You barely miss the wight.
The wight hits you with a +1 long sword!
You closely miss the wight.
The wight hits you with a +1 long sword!
You feel drained.
You completely miss the wight.
The wight hits you with a +1 long sword!
You block the wight's attack.
You hit the wight.
The wight is heavily damaged.
The wight hits you with a +1 long sword.
You hit the wight.
The wight is severely damaged.
The wight hits you with a +1 long sword!
* * * LOW HITPOINT WARNING * * *
You feel drained.
* * * LOW HITPOINT WARNING * * *
You hit the wight.
The wight is almost destroyed.
The wight hits you with a +1 long sword.
* * * LOW HITPOINT WARNING * * *
You feel drained.
* * * LOW HITPOINT WARNING * * *
You feel very mighty all of a sudden.
The wight hits you with a +1 long sword!
You die...

≈≈≈≈≈≈≈≈≈≈≈≈≈≈≈~~~#
~≈~≈≈≈≈≈≈≈≈≈≈≈.~.# ..
≈≈~≈≈≈≈≈≈≈≈≈~≈~#
##.###≈##≈##≈####~##
≈≈.............#.~≈#
≈≈≈........z...).≈≈#
≈≈.............#)≈≈#
##.#≈###≈≈#~####z~≈#
....≈≈≈~≈~≈≈≈≈ #@~~#
..~≈~≈≈≈≈≈≈≈≈≈≈#.~≈#
.~≈≈≈≈≈≈≈≈≈≈≈≈≈#..≈#
..~≈≈≈≈≈≈≈≈≈≈≈≈#.~≈#
.~≈≈≈≈≈≈≈≈≈≈≈≈≈#..≈#
≈≈≈≈≈≈≈≈≈≈#.≈≈#
########.~≈##############
≈≈~≈~≈≈#..≈≈≈≈~≈≈≈≈~~≈≈≈≈
≈≈≈≈≈≈≈~.~~~..~~~~.~~.≈~.


You could see a wight.

Vanquished Creatures
  2 adders (D:2)
  3 gnolls
  3 river rats (D:3)
  5 ufetubi (Sewer)
  A worm (D:2)
  3 ball pythons
  3 bats
  4 endoplasms
  3 giant cockroaches
  6 goblins
  2 hobgoblins
  3 jackals (D:1)
  A quokka (D:2)
  3 frilled lizards
  7 kobolds
  4 rats
53 creatures vanquished.

Notes
Turn   | Place    | Note
-------+----------+-------------------------------------------
     0 | D:1      | Farfigtubin the Formicid Fighter began the quest for the
                  | Orb.
     0 | D:1      | Reached XP level 1. HP: 18/18 MP: 1/1
    64 | D:1      | Reached XP level 2. HP: 24/24 MP: 2/2
    97 | D:1      | Found a faded altar of an unknown god.
   752 | D:1      | Reached XP level 3. HP: 30/30 MP: 3/3
  1107 | D:2      | Found Hykhlaa's Armour Emporium.
  1182 | D:2      | Found a radiant altar of Vehumet.
  1215 | D:2      | Found Voojid's Antique Weapon Boutique.
  1249 | D:2      | Found Vutryseg's Weapon Shop.
  1254 | D:2      | Found Jurouvepp's Assorted Antiques.
  1453 | D:2      | Found Yrapn's Jewellery Emporium.
  1555 | D:1      | Reached XP level 4. HP: 26/37 MP: 4/4
  1941 | D:3      | Found a glowing drain.
  1976 | D:3      | Reached XP level 5. HP: 33/42 MP: 5/5
  1989 | Sewer    | Entered a sewer
  2148 | Sewer    | HP: 2/40 [wight/+1 long sword (2)]
  2149 | Sewer    | Mangled by a wight

Illustrated notes

Levels and vault maps discovered:
D:1:      dpeg_arrival_tiny_a, layout_basic, ebering_ecumenical_altar_petrified
D:2:      layout_basic, serial_shops, nicolae_shop_window_shopping,
          nicolae_shop_tiny_statue_garden, shop, shop, shop, basic_altar,
          kennysheep_another_room
D:3:      kennysheep_six_static_rooms, layout_basic,
          mainiacjoe_overflow_small_starburst, portal_sewer_entry_b, hex_large
Sewer:    kennysheep_sewer_church

Skill      XL: |  1  2  3  4 |
---------------+-------------+-----
Axes           | 3 4 |  4.5
Fighting       | 4 |  4.5
Armour         | |  3.2
Shields        | |  4.0

Action                     |  1- 3 |  4- 6 || total
---------------------------+-------+-------++-------
  Melee: War axe           |    90 |    70 ||   160
  Throw: Stone             |     2 |       ||     2
    Use: Potion            |       |     1 ||     1
 Armour: Scale mail        |    32 |    20 ||    52
  Dodge: Dodged            |    35 |    46 ||    81
  Block: Buckler           |    24 |    17 ||    41
